 Dungeon Crawl Stone Soup version 0.24-a0-537-g2d01d4ab0a (webtiles) character file.

Game seed: 2008773536363662133

1159 Mithandil the Agent of Entropy (level 8, -4/91 HPs)
             Began as a Demonspawn Abyssal Knight on Aug 14, 2019.
             Was a Priest of Lugonu.
             Slain by a gnoll sergeant
             ... wielding a +1 spear of chaos
              (10 damage)
             ... while petrified by a gnoll sergeant
             ... on level 5 of the Dungeon.
             The game lasted 00:34:35 (6353 turns).

Mithandil the Agent of Entropy (DsAK)               Turns: 6353, Time: 00:34:36

Health: -4/91      AC:  8    Str: 20    XL:     8   Next: 16%
Magic:  8/11       EV:  2    Int: 13    God:    Lugonu [***...]
Gold:   303        SH:  0    Dex: 13    Spells: 7/7 levels left

rFire    . . .     SeeInvis .   a - +3 falchion
rCold    . . .     Gourm    .   B - +0 shield
rNeg     + + +     Faith    .   e - +0 ring mail
rPois    ∞         Spirit   .   (no helmet)
rElec    .         Reflect  .   s - +0 cloak
rCorr    .         Harm     .   (no gloves)
MR       .....                  (no boots)
Stlth    ..........             (no amulet)
HPRegen  0.25/turn              l - +6 ring of evasion
MPRegen  0.12/turn              o - +4 ring of evasion

@: berserking, lethally poisoned (-4 -> -4), petrified, very slightly
contaminated
A: icy blue scales 1, rot immunity
a: Depart the Abyss, Bend Space, Banish, Renounce Religion


You were on level 5 of the Dungeon.
You worshipped Lugonu.
Lugonu was most pleased with you.
You were not hungry.

You visited 2 branches of the dungeon, and saw 7 of its levels.
You visited the Abyss 1 time.

You collected 303 gold pieces.

Inventory:

Hand Weapons
 a - a +3 falchion (weapon)
 b - a +2 whip of draining
 g - a +0 hand axe
 j - a +0 spear
 x - a +0 hunting sling
 y - a +0 halberd
 A - a cursed -2 dagger
Missiles
 d - 123 stones (quivered)
 h - 20 sling bullets
 k - 2 throwing nets
 n - 84 arrows
 v - 3 curare-tipped darts
 w - 8 javelins
Armour
 e - a +0 ring mail (worn)
 i - a +0 leather armour
 q - a scarf of cloud immunity
 s - a +0 cloak (worn)
 B - a +0 shield (worn)
Magical Staves
 m - an uncursed staff of conjuration
Jewellery
 l - a +6 ring of evasion (left hand)
 o - a +4 ring of evasion (right hand)
 u - an uncursed ring of magical power
Scrolls
 p - 3 scrolls of blinking
 t - 4 scrolls of remove curse
Comestibles
 c - 11 rations


   Skills:
 + Level 4.4 Fighting
 * Level 4.7 Long Blades
 - Level 1.2(2.1) Axes
 * Level 2.6(2.8) Maces & Flails
 + Level 3.5 Armour
 + Level 3.1 Dodging
 * Level 2.3 Shields
 + Level 5.1 Invocations


You had 7 spell levels left.
You didn't know any spells.
Your spell library was empty.

Dungeon Overview and Level Annotations

Branches:
Dungeon (6/15)             Temple (1/1) D:5

Altars:
Ashenzari
Elyvilon
Fedhas
Hepliaklqana
Kikubaaqudgha
Makhleb
Nemelex Xobeh
Qazlal
Ru
Sif Muna
Trog
Vehumet
Xom
Yredelemnul
Zin

Annotations:
D:5 1 transporter


Innate Abilities, Weirdness & Mutations

You are partially covered in icy blue scales. (AC +2)
You are immune to rotting.


Message History

You have turned to stone.
The gnoll sergeant hits you from afar with a +1 spear of chaos.
* * * LOW HITPOINT WARNING * * *
The gnoll sergeant burns you.
The gnoll sergeant hits you from afar with a +1 spear of chaos.
* * * LOW HITPOINT WARNING * * *
The gnoll sergeant barely misses you.
The gnoll sergeant hits you but does no damage.
A red film seems to cover your vision as you go berserk!
You feel yourself moving faster!
You feel mighty!
The gnoll sergeant hits you from afar with a +1 spear of chaos.
* * * LOW HITPOINT WARNING * * *
The gnoll sergeant hits you but does no damage.
The gnoll sergeant barely misses you.
The gnoll is no longer moving quickly.
The gnoll sergeant barely misses you.
The gnoll sergeant hits you but does no damage.
The gnoll sergeant hits you from afar with a +1 spear of chaos.
* * * LOW HITPOINT WARNING * * *
You are electrocuted!!
You die...

#..#..P.P..##.# ##.........#..#
>.
.##.##........###.####..###.##
..#.###.......................
..##.###...≈≈≈≈≈≈≈≈≈≈≈≈≈≈≈≈≈≈≈
..#####...≈≈≈≈≈≈≈≈≈≈≈≈≈≈≈≈≈
.##......≈≈##### ...$....
#.#......≈≈#...# ## .©.# #
#.##.....≈≈#..@###.#####.###.
#.†####..≈≈###..ggg()........ .
##...#...≈≈.8#.######'######. .
####÷....≈≈.##.#P⌠.#..8#.. #.
###.##.....≈≈.#..'....g©⌠#:..'
##.....#...≈≈.##.#P⌠.#..8#%..#
.......#...≈≈.8#.######'######g
###..#.....≈≈###..............
##
##.##....≈≈#...###.#####g###...


You could see 2 gnoll sergeants and a gnoll.

Vanquished Creatures
  A phantom (D:5)
  An ogre (D:4)
  A bullfrog (D:4)
  4 scorpions (D:5)
  2 crimson imps
  A bullfrog zombie (D:5)
  A bullfrog skeleton (D:5)
  A hound (D:4)
  3 orc priests
  An orc wizard (D:5)
  A gnoll shaman (D:5)
  A worker ant (D:4)
  8 gnolls
  8 adders
  2 worms (D:2)
  7 leopard geckos
  5 orcs
  5 ball pythons
  A giant cockroach (D:2)
  10 goblins
  11 hobgoblins
  12 jackals
  8 kobolds
  A quokka (D:4)
  13 bats
  6 frilled lizards
  12 rats
127 creatures vanquished.

Vanquished Creatures (others)
  The ghost of Delarado the Insei, a novice OpTm of Cheibriados (D:5)
  A gnoll (D:5)
  A fungus (D:5)
  4 plants (D:5)
7 creatures vanquished.

Grand Total: 134 creatures vanquished

Notes
Turn   | Place    | Note
-------+----------+-------------------------------------------
     0 | Abyss:1  | Mithandil the Demonspawn Abyssal Knight began the quest for
                  | the Orb.
     0 | Abyss:1  | Reached XP level 1. HP: 18/18 MP: 2/2
    35 | D:1      | Escaped the Abyss
   183 | D:1      | Reached skill level 1 in Dodging
   507 | D:1      | Gained mutation: You are immune to rotting. [demonic
                  | ancestry]
   507 | D:1      | Reached XP level 2. HP: 24/24 MP: 3/3
   909 | D:1      | Reached ** piety under Lugonu
  1047 | D:1      | Gained mutation: You are partially covered in icy blue
                  | scales. (AC +2) [demonic ancestry]
  1047 | D:1      | Reached XP level 3. HP: 27/29 MP: 5/5
  1217 | D:1      | Reached skill level 3 in Invocations
  1579 | D:2      | Reached XP level 4. HP: 35/35 MP: 6/6
  1608 | D:3      | Reached skill level 1 in Axes
  2823 | D:3      | Reached XP level 5. HP: 41/41 MP: 7/7
  2887 | D:3      | Reached *** piety under Lugonu
  3487 | D:4      | Reached skill level 4 in Invocations
  3487 | D:4      | Reached XP level 6. HP: 41/48 MP: 7/9
  3511 | D:5      | Entered Level 5 of the Dungeon
  4193 | D:5      | Reached skill level 1 in Maces & Flails
  4573 | D:4      | HP: 1/48 [ogre/+0 giant club (17)]
  4577 | D:4      | Reached XP level 7. HP: 2/54 MP: 10/10
  4987 | D:5      | Found a bloodstained altar of Trog.
  5317 | D:5      | Found a staircase to the Ecumenical Temple.
  5330 | D:6      | Reached skill level 1 in Shields
  5577 | Temple   | Entered the Ecumenical Temple
  5924 | D:5      | Found a transporter.
  6046 | D:5      | Reached skill level 5 in Invocations
  6264 | D:5      | Identified the +5 shield of Lerinnia {rF+ rCorr Str+5}
  6278 | D:5      | Noticed Delarado's ghost (novice OpTm)
  6284 | D:5      | Found a transporter.
  6307 | D:5      | Reached XP level 8. HP: 50/61 MP: 11/11
  6310 | D:5      | Banished Delarado's ghost
  6353 | D:5      | Slain by a gnoll sergeant

Levels and vault maps discovered:
D:1:      dpeg_arrival_circle_labyrinth_a, layout_loops_ring
D:2:      layout_loops_corners, kennysheep_generic_room_4
D:3:      layout_loops_cross, minmay_shallow_snake_nest
D:4:      layout_basic, first_ration, st_stairs_10
D:5:      old_forge, layout_layer_cave, bloody_trog, minmay_temple_entry_trees,
          gammafunk_ghost_gnarly_gnolls, uniq_blork_the_orc
D:6:      layout_basic, nicolae_overflow_hidden_temple, old_standard_altar,
          patterned_corridor
Temple:   eino_temple_lava

Skill      XL: |  1  2  3  4  5  6  7 |
---------------+----------------------+-----
Dodging        | 1 2 3 |  3.1
Long Blades    | 2 3 4 |  4.7
Armour         | 2 3 |  3.5
Invocations    | 3 4 5 |  5.1
Axes           | 1 |  1.2
Fighting       | 4 |  4.4
Maces & Flails | 1 2 |  2.6
Shields        | 2 |  2.3

Action                   |  1- 3 |  4- 6 |  7- 9 || total
-------------------------+-------+-------+-------++-------
Melee: Falchion          |    87 |   163 |    18 ||   268
       Whip              |       |    77 |   166 ||   243
       Spear             |       |       |    17 ||    17
Throw: Dart              |       |       |     1 ||     1
Invok: Bend Space        |       |     1 |       ||     1
       Banish            |       |       |     2 ||     2
  Use: Potion            |     1 |     7 |     2 ||    10
       Scroll            |     4 |     7 |     1 ||    12
  Eat: Chunk             |     2 |     9 |     7 ||    18
       Ration            |       |       |     1 ||     1
Armor: Leather armour    |     2 |       |       ||     2
       Ring mail         |    40 |    46 |    57 ||   143
Dodge: Dodged            |    60 |   265 |   182 ||   507
Block: Shield            |       |       |   108 ||   108
       Rpst.: Falchion   |    23 |    59 |     2 ||    84

Table legend:
 A = Non-vault XP
 B = Vault XP
 C = Vault XP percentage of total XP
 D = Non-vault monster count
 E = Vault monster count
 F = Vault count percentage of total count
                 A         B        C        D         E       F
            +---------+---------+-------+---------+---------+-------
      Total |    1115 |     541 |  32.7 |     111 |      18 |  14.0
            +---------+---------+-------+---------+---------+-------
        D:1 |      49 |       0 |   0.0 |      27 |       0 |   0.0
        D:2 |      44 |       3 |   6.4 |      23 |       1 |   4.2
        D:3 |     191 |      19 |   9.0 |      33 |       5 |  13.2
        D:4 |     286 |       4 |   1.4 |       6 |       2 |  25.0
        D:5 |     457 |     515 |  53.0 |      18 |      10 |  35.7
        D:6 |      88 |       0 |   0.0 |       4 |       0 |   0.0
            +---------+---------+-------+---------+---------+-------
